 Dungeon Crawl Stone Soup version 0.31.0-12-g77e489cdc1 (webtiles) character file.

Game seed: 7384511746846444678

1708 Silvore the Slasher (level 8, -3/62 HPs)
             Began as a Demonspawn Fighter on Feb 15, 2024.
             Killed from afar by an acid dragon (26 damage)
             ... with a splash of acid
             ... on level 6 of the Dungeon.
             The game lasted 00:07:32 (5176 turns).

Silvore the Slasher (Demonspawn Fighter)            Turns: 5176, Time: 00:07:33

Health: -3/62      AC:  6    Str: 18    XL:     8   Next: 73%
Magic:  0/8        EV: 11    Int:  9    God:
Gold:   324        SH: 10    Dex: 13    Spells: 7/7 levels left

rFire   . . .        a - +0 long sword
rCold   . . .        c - +1 buckler
rNeg    + . .        b - +0 scale mail
rPois   .            (helmet restricted)
rElec   .            s - +2 cloak
rCorr   .            (no gloves)
SInv    +            (no boots)
Will    .....        h - amulet of guardian spirit
Stlth   +            r - ring of Kathrixt {rN+ SInv}
HPRegen 0.30/turn    l - +4 ring of protection
MPRegen 0.11/turn

%: guardian spirit
@: corroded
A: horns 1, sturdy frame 1, condensation shield
a: no special abilities


You were on level 6 of the Dungeon.
You visited 2 branches of the dungeon, and saw 7 of its levels.
You also visited: Sewer.

You collected 324 gold pieces.

Inventory:

Hand Weapons
 a - a +0 long sword (weapon)
Armour
 b - a +0 scale mail (worn)
 c - a +1 buckler (worn)
 s - a +2 cloak (worn)
Jewellery
 f - a ring of wizardry
 h - an amulet of guardian spirit (around neck)
 i - a ring of fire
 l - a +4 ring of protection (right hand)
 r - the ring of Kathrixt (left hand) {rN+ SInv}
   (You found it on level 4 of the Dungeon)

   [ring of see invisible]

   rN+:       It protects you from negative energy.
   SInv:      It lets you see invisible.
Scrolls
 g - 2 scrolls of teleportation
 p - 2 scrolls of fear
 v - a scroll of amnesia
Potions
 d - 3 potions of heal wounds
 e - a potion of berserk rage
 j - a potion of mutation {unknown}
 k - 2 potions of enlightenment
 m - a potion of invisibility {unknown}
 n - a potion of experience {unknown}
 o - 2 potions of haste
 q - a potion of curing {unknown}
 t - a potion of ambrosia {unknown}
 u - a potion of attraction {unknown}


   Skills:
 + Level 5.1 Fighting
 + Level 6.5 Long Blades
 + Level 5.5 Armour
 + Level 2.9 Dodging
 + Level 0.2 Stealth
 + Level 4.7 Shields


You had 7 spell levels left.
You didn't know any spells.
Your spell library contained the following spells:

 Spells                   Type           Power      Damage    Failure   Level
 Slow                     Hex            0%         N/A       69%         1
 Ensorcelled Hibernation  Hex/Ice        0%         N/A       83%         2
 Confusing Touch          Hex            0%         N/A       96%         3
 Fugue of the Fallen      Necr           0%         N/A       96%         3
 Sigil of Binding         Hex            0%         N/A       96%         3
 Vampiric Draining        Necr           0%         2d6       96%         3
 Anguish                  Hex/Necr       0%         N/A       100%        4


Dungeon Overview and Level Annotations

Branches:
Dungeon (6/15)             Temple (1/1) D:5           Sewer (visited)

Altars:
Ashenzari
Cheibriados
Fedhas
Gozag
Hepliaklqana
Kikubaaqudgha
Makhleb
Nemelex Xobeh
Okawaru
Qazlal
Ru
Sif Muna
Uskayaw
Vehumet
Wu Jian
Xom
Yredelemnul

Shops:
D:4 *


Innate Abilities, Weirdness & Mutations

You have a pair of small horns on your head.
Your movements are slightly less encumbered by armour. (ER -2)
A meltable shield of frost defends you. (SH +4)


Message History

The acid dragon roars!
You block the acid dragon's attack. x2
You completely miss the acid dragon. You block the acid dragon's attack.
The acid dragon claws you but does no damage.
You hit the acid dragon.
The acid dragon is lightly wounded.
The acid dragon spits acid at you. The splash of acid hits you!!
The acid corrodes you!
You barely miss the acid dragon. You headbutt the acid dragon!
The acid dragon is moderately wounded.
The acid dragon closely misses you. The acid dragon claws you.
You barely miss the acid dragon. You headbutt the acid dragon.
The acid dragon is heavily wounded.
You block the acid dragon's attack. The acid dragon completely misses you.
You hit the acid dragon but do no damage.
The acid dragon is heavily wounded.
You block the acid dragon's attack.
The acid dragon claws you but does no damage.
The acid dragon spits acid at you. The splash of acid hits you.
The acid corrodes you!
You hit the acid dragon but do no damage.
You headbutt the acid dragon, but do no damage.
The acid dragon is heavily wounded.
The acid dragon bites you! The acid dragon misses you.
You hit the acid dragon.
The acid dragon is severely wounded.
The acid dragon completely misses you.
The acid dragon claws you but does no damage.
You hit the acid dragon.
You headbutt the acid dragon, but do no damage.
The acid dragon is severely wounded.
The acid dragon bites you. You block the acid dragon's attack.
You completely miss the acid dragon.
The acid dragon is severely wounded.
You block the acid dragon's attack. The acid dragon claws you.
You slash the acid dragon! Your headbutt misses the acid dragon.
The acid dragon is almost dead.
The acid dragon spits acid at you. The splash of acid hits you!!
You die...

##.# #.# #.# ##'##
#.# ##.#. #.# #.###
#.# #..####.# #....
#.# ####.......##
##.... #.#
#...........# ##...##
#.#
.###.#.#.#.###......
########.#
#.#.#............
.........#
#.###.....#.#####..##
##########
#..D@.......# #..##
############# #....
#.... #.### #.#
######### #.###
#.......# #)##.
####.......# #.#.#
#..........###.#.#


You could see an acid dragon (catching breath).

Vanquished Creatures
  Sigmund (D:2)
  A water moccasin (D:6)
  An orc warrior (D:6)
  Pargi (Sewer)
  A black bear (D:5)
  A brain worm (Sewer)
  3 scorpions
  A howler monkey (D:6)
  3 orc priests
  A hound (D:5)
  A jelly (Sewer)
  A sleepcap (D:6)
  2 gnoll boudas
  5 iguanas
  Natasha (thrice) (D:3)
  2 orc wizards (D:5)
  18 gnolls
  9 adders
  A white imp (D:5)
  2 ufetubi (D:6)
  4 ribbon worms
  A dart slug (D:1)
  14 orcs
  6 endoplasms
  4 giant cockroaches
  8 goblins
  6 hobgoblins
  10 kobolds
  5 quokkas
  3 ball pythons
  2 bats (D:1)
  2 frilled lizards
  10 rats
133 creatures vanquished.

Vanquished Creatures (others)
  An orc wizard (D:6)
1 creature vanquished.

Grand Total: 134 creatures vanquished

Notes
Turn   | Place    | Note
-------+----------+-------------------------------------------
     0 | D:1      | Silvore the Demonspawn Fighter began the quest for the Orb.
     0 | D:1      | Reached XP level 1. HP: 18/18 MP: 1/1
   130 | D:1      | Gained mutation: Your movements are slightly less
                  | encumbered by armour. (ER -2) [demonic ancestry]
   130 | D:1      | Reached XP level 2. HP: 20/24 MP: 2/2
   171 | D:1      | Found a faded altar of an unknown god.
   576 | D:1      | Reached XP level 3. HP: 13/29 MP: 3/3
   789 | D:2      | Noticed Sigmund
   806 | D:2      | Killed Sigmund
   807 | D:2      | Reached skill level 3 in Long Blades
   807 | D:2      | Reached skill level 1 in Dodging
   807 | D:2      | Gained mutation: A meltable shield of frost defends you.
                  | (SH +4) [demonic ancestry]
   807 | D:2      | Reached XP level 4. HP: 24/37 MP: 4/4
   807 | D:2      | Gained mutation: You have a pair of small horns on your
                  | head. [demonic ancestry]
   807 | D:2      | Reached XP level 5. HP: 28/42 MP: 5/5
  1097 | D:2      | Found a sparkling altar of Nemelex Xobeh.
  1097 | D:2      | You fall into a shaft and drop 2 floors!
  1162 | D:4      | Reached XP level 6. HP: 48/48 MP: 6/6
  1168 | D:4      | Found a glowing drain.
  1195 | Sewer    | Entered a sewer
  1262 | Sewer    | Noticed Pargi
  1269 | Sewer    | Killed Pargi
  1359 | Sewer    | Reached skill level 4 in Long Blades
  1484 | D:3      | Noticed Natasha
  1490 | D:3      | Killed Natasha
  1491 | D:3      | Reached XP level 7. HP: 50/54 MP: 5/7
  1670 | D:3      | Noticed Natasha
  1676 | D:3      | Killed Natasha
  1957 | D:3      | Noticed Natasha
  1969 | D:3      | Killed Natasha
  2360 | D:4      | Found a hide-covered altar of Uskayaw.
  2368 | D:4      | Found a stormy altar of Qazlal.
  2401 | D:4      | Found Fiefuqec's Fabulous Fripperies.
  2570 | D:4      | Identified the ring of Kathrixt {rN+ SInv}
  2630 | D:4      | Reached skill level 5 in Long Blades
  3022 | D:5      | Entered Level 5 of the Dungeon
  3413 | D:5      | Found a shimmering altar of Xom.
  3414 | D:5      | Found a shimmering blue altar of Sif Muna.
  3415 | D:5      | Found a broken altar of Ashenzari.
  3416 | D:5      | Found an ancient bone altar of Kikubaaqudgha.
  3416 | D:5      | Found a blossoming altar of Fedhas.
  3416 | D:5      | Found an iron altar of Okawaru.
  3417 | D:5      | Found a snail-covered altar of Cheibriados.
  3418 | D:5      | Found an ornate altar of the Wu Jian Council.
  3418 | D:5      | Found a sacrificial altar of Ru.
  3558 | D:5      | Reached XP level 8. HP: 48/61 MP: 5/8
  3599 | D:5      | Found a staircase to the Ecumenical Temple.
  3607 | Temple   | Entered the Ecumenical Temple
  3652 | D:5      | Found a hazy altar of Hepliaklqana.
  3691 | D:5      | Reached skill level 5 in Armour
  4667 | D:6      | Reached skill level 6 in Long Blades
  4832 | D:6      | Reached skill level 5 in Fighting
  5176 | D:6      | Killed from afar by an acid dragon

Illustrated notes

Levels and vault maps discovered:
D:1:      minmay_arrival_open_corners, layout_rooms,
          shapermc_ecumenical_altar_starsandcircs
D:2:      layout_rooms, basic_altar, hangedman_decor_lopped, uniq_sigmund
D:3:      corexii_shack_village, layout_rooms, uniq_natasha
D:4:      layout_basic, minitemple, cheibrodos_sewer_entry_drain,
          nicolae_alphabet_shops, grunt_ministairs_9, minmay_fountain_box
D:5:      layout_basic, nicolae_overflows_in_rows, mainiacjoe_overflow_chevrons,
          minmay_temple_entry_sparse_star, minmay_misc_feat_rows
D:6:      layout_loops_corners
Temple:   hellmonk_temple_of_storms

Skill      XL: |  1  2  3  4  5  6  7  8 |
---------------+-------------------------+-----
Armour         | 3 4 5 |  5.5
Shields        | 3 4 |  4.7
Long Blades    | 3 4 5 6 |  6.5
Dodging        | 1 2 |  2.9
Fighting       | 4 5 |  5.1
Stealth        | |  0.2

Action                     |  1- 3 |  4- 6 |  7- 9 || total
---------------------------+-------+-------+-------++-------
  Melee: Long sword        |    63 |    80 |   398 ||   541
         Headbutt          |       |    17 |    81 ||    98
    Use: Scroll            |     4 |     1 |    10 ||    15
         Potion            |     1 |       |     4 ||     5
 Armour: Scale mail        |    49 |    44 |   250 ||   343
  Dodge: Dodged            |    34 |    29 |   189 ||   252
  Block: Buckler           |    18 |    38 |   221 ||   277
